 Dungeon Crawl Stone Soup version 0.30-a0-341-g682706514a (webtiles) character file.

Game seed: 9694400110786821900

42892 flotson the Fighter (level 13, -4/103 HPs)
             Began as a Demonspawn Delver on Nov 3, 2022.
             Was an Initiate of Gozag.
             Killed from afar by a lindwurm (42 damage)
             ... with a blast of flame
             ... on level 4 of the Lair of Beasts.
             The game lasted 00:39:42 (23956 turns).

flotson the Fighter (Demonspawn Delver)            Turns: 23956, Time: 00:39:43

Health: -4/103     AC: 19    Str: 16    XL:     13   Next: 87%
Magic:  13/13      EV: 12    Int: 15    God:    Gozag
Gold:   4108       SH: 18    Dex: 16    Spells: 12/12 levels left

rFire   x . .      SeeInvis .    a - +4 broad axe
rCold   + + +      Faith    .    y - +0 kite shield
rNeg    . . .      Spirit   .    p - +2 ice dragon scales of Zaokk {rF- rC++ Int+3}
rPois   .          Reflect  .    (no helmet)
rElec   .          Harm     .    Q - +1 cloak
rCorr   +          Rampage  .    i - +1 pair of gloves
Will    .....                    (no boots)
Stlth   +.........               (no amulet)
HPRegen 0.37/turn                r - ring of protection from cold
MPRegen 0.13/turn                N - ring of resist corrosion

@: no status effects
A: large bone plates 3, demonic guardian 1, spiny 2
a: Renounce Religion, Potion Petition, Call Merchant, Bribe Branch


You were on level 4 of the Lair of Beasts.
You worshipped Gozag.
Gozag was most pleased with you.
You visited 3 branches of the dungeon, and saw 16 of its levels.
You also visited: Gauntlet.

You collected 4186 gold pieces.
You paid 78 gold pieces to Gozag.

Inventory:

Hand Weapons
 a - a +4 broad axe (weapon)
 s - a +0 trident
 H - the +9 long sword of Moral Flaws {flame, Fly Str+3 Dex-5 SInv}
   (You took it off a minotaur in a Gauntlet)

   It burns those it strikes, dealing additional fire damage.
   Big, fiery blades are also staple armaments of hydra-hunters.
   Str:       It affects your strength (+3).
   Dex:       It affects your dexterity (-5).
   SInv:      It lets you see invisible.
   Fly:       It grants you flight.
Missiles
 f - 3 boomerangs of dispersal (quivered)
 k - 6 poisoned darts
 u - 4 javelins
 B - 2 throwing nets
 E - 3 atropa-tipped darts
 O - a curare-tipped dart
Armour
 i - a +1 pair of gloves (worn)
 p - the +2 ice dragon scales of Zaokk (worn) {rF- rC++ Int+3}
   (You took it off a minotaur in a Gauntlet)

   Int:       It affects your intelligence (+3).
   rF:        It makes you vulnerable to fire.
   rC:        It greatly protects you from cold.
 y - a +0 kite shield (worn)
 G - a +2 chain mail of cold resistance
 Q - a +1 cloak (worn)
Jewellery
 r - a ring of protection from cold (left hand)
 N - a ring of resist corrosion (right hand)
 T - a ring of positive energy
 V - an amulet of regeneration
Wands
 g - a wand of digging (13)
 q - a wand of flame (13)
 F - a wand of paralysis (2)
 K - a wand of light (9)
 W - a wand of mindburst (9)
Scrolls
 c - a scroll of fog
 d - 5 scrolls of enchant armour
 h - 6 scrolls of teleportation
 w - 7 scrolls of immolation
 x - a scroll of silence {unknown}
 z - 2 scrolls of vulnerability
 A - a scroll of noise {unknown}
 D - a scroll of summoning {unknown}
 J - a scroll of poison {unknown}
 L - 2 scrolls of acquirement {unknown}
 M - a scroll of torment {unknown}
Potions
 b - a potion of cancellation
 e - 2 potions of ambrosia
 j - 4 potions of curing
 l - 3 potions of brilliance
 n - a potion of attraction
 o - 2 potions of might
 t - 2 potions of lignification
 v - a potion of resistance
 C - 3 potions of haste
 I - 4 potions of mutation
 P - a potion of flight
 X - a potion of heal wounds
Miscellaneous
 m - a condenser vane
 U - a piece from Xom's chessboard (15/15)


   Skills:
 + Level 10.2 Fighting
 * Level 9.5(9.7) Axes
 - Level 2.6(6.5) Polearms
 + Level 8.7 Throwing
 + Level 8.9 Armour
 + Level 9.2 Dodging
 - Level 4.5 Stealth
 + Level 4.9 Shields
 + Level 9.8 Evocations


You had 12 spell levels left.
You didn't know any spells.
Your spell library contained the following spells:

 Spells                   Type           Power      Damage    Failure   Level
 Slow                     Hex            0%         N/A       96%         1
 Ensorcelled Hibernation  Hex/Ice        0%         N/A       99%         2
 Passwall                 Tmut/Erth      0%         N/A       99%         2
 Call Canine Familiar     Summ           0%         N/A       100%        3
 Confusing Touch          Hex            0%         N/A       100%        3
 Dazzling Flash           Conj/Hex       0%         N/A       100%        3
 Portal Projectile        Hex/Tloc       0%         N/A       100%        3
 Spider Form              Tmut/Pois      0%         N/A       100%        3
 Swiftness                Air            0%         N/A       100%        3
 Vampiric Draining        Necr           0%         2d6       100%        3
 Anguish                  Hex/Necr       0%         N/A       100%        4
 Leda's Liquefaction      Hex/Erth       0%         N/A       100%        4
 Agony                    Necr           0%         N/A       100%        5
 Silence                  Hex/Air        0%         N/A       100%        5


Dungeon Overview and Level Annotations

Branches:
Dungeon (11/15)            Temple (1/1) D:5            Lair (4/5) D:11
 Shoals (0/4) Lair:2        Snake (0/4) Lair:3      Gauntlet (visited)
  Slime: Lair:4-5       Orc: D:9-12

Altars:
Ashenzari
Cheibriados
Dithmenos
Fedhas
Gozag
Hepliaklqana
Kikubaaqudgha
Makhleb
Nemelex Xobeh
Okawaru
Qazlal
Ru
Sif Muna
Trog
Uskayaw
Vehumet
Wu Jian
Xom
Yredelemnul

Shops:
D:9 [

Annotations:
Lair:4 2 transporters, exclusion: oklob plant, Iich's ghost, journeyman MiBe


Innate Abilities, Weirdness & Mutations

You are completely covered in large bone plates. (SH +8)
A weak demonic guardian rushes to your aid.
You are mostly covered in sharp spines.


Message History

The lindwurm roars!
You hit the lindwurm but do no damage. The lindwurm breathes flames at you.
The blast of flame hits you!!! The fire burns you terribly!
A demonic guardian appears!
The blast of flame hits your ufetubus!!!
Your ufetubus is burned terribly!
Your ufetubus dies!
Your ufetubus disappears in a puff of smoke!
You block the lindwurm's attack.
The lindwurm claws you but does no damage.
The lindwurm claws you.
You slash the lindwurm!
The lindwurm is lightly wounded.
The lindwurm is struck by your spines. The lindwurm bites you.
You block the lindwurm's attack.
The lindwurm claws you but does no damage.
Unknown command.
You are too injured to fight recklessly!
Unknown command.
You are too injured to fight recklessly!
Unknown command.
You hit the lindwurm but do no damage.
The lindwurm is moderately wounded.
The lindwurm bites you! You block the lindwurm's attack. x2
You slash the lindwurm!
The lindwurm is severely wounded.
You block the lindwurm's attack. x2; The lindwurm completely misses you.
You hit the lindwurm.
The lindwurm is severely wounded.
The lindwurm misses you. You block the lindwurm's attack.
The lindwurm claws you but does no damage.
You block the lindwurm's attack. x2
The lindwurm claws you but does no damage.
You slash the lindwurm!
The lindwurm is almost dead.
The lindwurm breathes flames at you. The blast of flame hits you!!!
The fire burns you terribly!
You die...
Your body crumbles into a pile of gold.

..........©#yii.i_.#..©#©........
..#.###....#i.W# .....$#........♣
..### ###P.##.## #....##.......♣.
...# ##..# ####....#....♣.....
...# #..###.i.Wi.##....♣≈~...
P### ####..###iiy###...).♣≈≈≈..
## ##.......#####.........≈≈≈. #
##..................♣....≈~~
#.........k@....###.♣.....≈~
#...............## #.........
##...........#### ##.........
##..........## #..........
#.P..........# #.#........
#.P..........# ##♣♣.......
######.......# #♣......
#..P.....# #....... ..........#
#.♣.....


You could see a spriggan rider, a lindwurm (catching breath), a moth of wrath, 3
spriggans and Iich's ghost.

Vanquished Creatures
  A minotaur (Gauntlet)
  Harold (D:9)
  A catoblepas (Lair:3)
  6 two-headed ogres
  Urug (Lair:1)
  3 death yaks
  Pikel (D:7)
  An orc knight (D:11)
  An ugly thing (D:10)
  An oklob plant (Lair:4)
  2 manticores (D:11)
  4 elephants (Lair:3)
  Joseph (D:10)
  Maggie (D:7)
  A black mamba (Lair:4)
  A gargoyle (D:11)
  A torpor snail (Lair:4)
  10 cane toads
  A smoke demon (Gauntlet)
  A kobold demonologist (D:10)
  A minotaur zombie (Gauntlet)
  2 rime drakes
  7 komodo dragons
  3 trolls
  2 polar bears (Lair:1)
  16 blink frogs
  A snapping turtle (Lair:2)
  5 dream sheep (Lair:2)
  2 shadows
  2 vampires
  3 wyverns
  55 yaks
  A basilisk (Lair:2)
  Menkaure (D:7)
  2 acid dragons
  8 water moccasins
  5 orc warriors
  3 ice beasts
  A sky beast (D:8)
  3 black bears
  5 ogres
  24 wolves
  A tengu (shapeshifter) (Gauntlet)
  A centaur (D:7)
  2 phantoms
  2 kobold brigands
  2 gnoll sergeants
  6 bullfrogs
  4 scorpions
  13 wights
  18 killer bees
  12 howler monkeys
  3 electric eels
  3 crimson imps (Gauntlet)
  5 hounds
  3 jellies
  11 orc priests
  5 iguanas
  Ijyb (D:3)
  10 orc wizards
  8 adders
  17 gnolls
  A river rat (D:3)
  A shadow imp (D:5)
  3 white imps
  4 worms
  A dart slug (D:5)
  43 orcs
  10 endoplasms
  2 giant cockroaches (D:2)
  9 goblins
  7 hobgoblins
  A hobgoblin (shapeshifter) (Gauntlet)
  2 jackals (D:1)
  3 quokkas
  13 ball pythons
  7 bats
  3 frilled lizards
  8 kobolds
  6 rats
443 creatures vanquished.

Vanquished Creatures (collateral kills)
  2 komodo dragons (Lair:1)
  A water moccasin (D:6)
  An ice beast (D:5)
  An orc wizard (D:10)
  2 gnolls (D:11)
  An orc (D:8)
8 creatures vanquished.

Vanquished Creatures (others)
  An orc wizard (D:4)
  A demonic plant (Gauntlet)
  34 fungi
  65 plants
101 creatures vanquished.

Grand Total: 552 creatures vanquished

Notes
Turn   | Place    | Note
-------+----------+-------------------------------------------
     0 | D:5      | flotson the Demonspawn Delver began the quest for the Orb.
     0 | D:5      | Reached XP level 1. HP: 18/18 MP: 1/1
     6 | D:5      | Found a staircase to the Ecumenical Temple.
    13 | Temple   | Entered the Ecumenical Temple
    81 | D:5      | Noticed an orc wizard
   117 | D:4      | Noticed a scorpion
   228 | D:4      | Noticed a jelly
   278 | D:4      | Found a blossoming altar of Fedhas.
   278 | D:4      | Found an ancient bone altar of Kikubaaqudgha.
   287 | D:4      | Found a hide-covered altar of Uskayaw.
   294 | D:4      | Found a sacrificial altar of Ru.
   295 | D:4      | Found an ornate altar of the Wu Jian Council.
   300 | D:4      | Found a sparkling altar of Nemelex Xobeh.
   392 | D:4      | Noticed a hound
   415 | D:3      | Gained mutation: You are partially covered in large bone
                  | plates. (SH +4) [demonic ancestry]
   415 | D:3      | Reached XP level 2. HP: 6/24 MP: 2/2
   477 | D:3      | Noticed Ijyb
   622 | D:1      | Reached skill level 1 in Evocations
   640 | D:1      | Reached skill level 1 in Armour
   645 | D:1      | Gained mutation: You are mostly covered in large bone
                  | plates. (SH +6) [demonic ancestry]
   645 | D:1      | Reached XP level 3. HP: 23/29 MP: 3/3
   861 | D:1      | Found a faded altar of an unknown god.
  1793 | D:2      | Gained mutation: You are partially covered in sharp spines.
                  | [demonic ancestry]
  1793 | D:2      | Reached XP level 4. HP: 35/35 MP: 4/4
  2715 | D:3      | Killed Ijyb
  2716 | D:3      | Reached XP level 5. HP: 22/42 MP: 5/5
  3002 | D:3      | Reached skill level 1 in Throwing
  3238 | D:3      | Reached skill level 4 in Fighting
  3938 | D:4      | Noticed a black bear
  3948 | D:4      | Killed a black bear
  3949 | D:4      | Reached skill level 1 in Polearms
  3949 | D:4      | Gained mutation: A weak demonic guardian rushes to your
                  | aid. [demonic ancestry]
  3949 | D:4      | Reached XP level 6. HP: 31/48 MP: 6/6
  4320 | D:4      | Reached XP level 7. HP: 47/55 MP: 7/7
  5033 | Temple   | Became a worshipper of Gozag Ym Sagoz the Greedy
  5117 | D:5      | Reached XP level 8. HP: 42/61 MP: 8/8
  5208 | D:5      | Reached skill level 5 in Fighting
  7182 | D:6      | Reached skill level 6 in Fighting
  7182 | D:6      | Reached skill level 5 in Dodging
  7182 | D:6      | Gained mutation: You are mostly covered in sharp spines.
                  | [demonic ancestry]
  7182 | D:6      | Reached XP level 9. HP: 58/69 MP: 9/9
  7396 | D:7      | Noticed Menkaure
  7409 | D:7      | Killed Menkaure
  7410 | D:7      | Reached skill level 5 in Evocations
  8088 | D:7      | Noticed Maggie
  8161 | D:7      | Paralysed by Maggie for 4 turns
  8170 | D:7      | Killed Maggie
  8171 | D:7      | Reached skill level 5 in Armour
  8374 | D:7      | Reached skill level 5 in Throwing
  8673 | D:7      | Reached skill level 7 in Fighting
  8687 | D:7      | Reached XP level 10. HP: 79/79 MP: 10/10
  8936 | D:7      | Noticed Pikel
  8946 | D:7      | Killed Pikel
  9754 | D:8      | Found a snail-covered altar of Cheibriados.
 10811 | D:9      | Noticed Harold
 11011 | D:9      | Killed Harold
 11382 | D:9      | Found Atuukearph's Antique Armour Shop.
 11515 | D:9      | Reached XP level 11. HP: 55/86 MP: 11/11
 11829 | D:9      | Reached skill level 8 in Fighting
 12067 | D:10     | Entered Level 10 of the Dungeon
 12442 | D:10     | Noticed Joseph
 12449 | D:10     | Killed Joseph
 12486 | D:10     | Noticed a two-headed ogre
 12493 | D:10     | HP: 4/86 [two-headed ogre/+0 giant club (25)]
 13039 | D:10     | Noticed a two-headed ogre
 13059 | D:10     | Killed a two-headed ogre
 13060 | D:10     | Reached skill level 5 in Axes
 13065 | D:10     | Killed a two-headed ogre
 13249 | D:11     | Found a gate leading to a gauntlet.
 13255 | Gauntlet | Entered a Gauntlet
 13255 | Gauntlet | Found a transporter.
 13265 | Gauntlet | Found a transporter.
 13280 | Gauntlet | Found a transporter.
 13285 | Gauntlet | Found a transporter.
 13300 | Gauntlet | Found a transporter.
 13300 | Gauntlet | Noticed a hell beast
 13315 | Gauntlet | Noticed a lindwurm
 13315 | Gauntlet | a lindwurm changed into a cyclops
 13316 | Gauntlet | a cyclops changed into a deep troll
 13316 | Gauntlet | Noticed a deep troll (glowing shapeshifter)
 13316 | Gauntlet | Noticed a sea snake
 13319 | Gauntlet | Found a transporter.
 13321 | Gauntlet | a deep troll changed into a swamp dragon
 13321 | Gauntlet | Noticed a swamp dragon (glowing shapeshifter)
 13322 | Gauntlet | a swamp dragon changed into a torpor snail
 13323 | Gauntlet | a torpor snail changed into an orb spider
 13323 | Gauntlet | Noticed an orb spider (glowing shapeshifter)
 13324 | Gauntlet | an orb spider changed into a torpor snail
 13331 | Gauntlet | Found a transporter.
 13331 | Gauntlet | Noticed a great orb of eyes
 13332 | Gauntlet | Noticed a brown ugly thing
 13334 | Gauntlet | Noticed a white ugly thing
 13343 | Gauntlet | Found a transporter.
 13355 | Gauntlet | Found a transporter.
 13367 | Gauntlet | Found a transporter.
 13382 | Gauntlet | Noticed a reaper
 13384 | Gauntlet | Found a transporter.
 13384 | Gauntlet | Found a transporter.
 13404 | Gauntlet | Found a transporter.
 13424 | Gauntlet | Found a transporter.
 13446 | Gauntlet | Found a transporter.
 13523 | Gauntlet | Found a transporter.
 13547 | Gauntlet | Noticed a shining eye
 13551 | Gauntlet | Found a transporter.
 13551 | Gauntlet | Found a transporter.
 13720 | Gauntlet | Identified the amulet "Xuelot" {Faith Int+4}
 13752 | Gauntlet | Identified the +9 long sword of Moral Flaws {flame, Fly
                  | Str+3 Dex-5 SInv}
 13752 | Gauntlet | Identified the +2 ice dragon scales of Zaokk {rF- rC++
                  | Int+3}
 13752 | Gauntlet | Noticed a minotaur
 13776 | Gauntlet | Killed a minotaur
 14192 | D:11     | Noticed a two-headed ogre
 14196 | D:11     | Noticed an orc knight
 14204 | D:11     | Noticed a two-headed ogre
 14204 | D:11     | HP: 4/87 [orc priest/divine providence (12)]
 14574 | D:11     | Noticed a brown ugly thing
 14640 | D:10     | Killed a brown ugly thing
 14831 | D:11     | Noticed a two-headed ogre
 14852 | D:10     | Killed a two-headed ogre
 14853 | D:10     | Reached skill level 1 in Shields
 14924 | D:11     | Noticed a two-headed ogre
 15102 | D:10     | Killed a two-headed ogre
 15103 | D:10     | Gained mutation: You are completely covered in large bone
                  | plates. (SH +8) [demonic ancestry]
 15103 | D:10     | Reached XP level 12. HP: 26/94 MP: 12/12
 15555 | D:10     | Killed a two-headed ogre
 16576 | D:11     | Killed a two-headed ogre
 16577 | D:11     | Reached skill level 9 in Fighting
 17384 | D:11     | Found a staircase to the Lair.
 17700 | Lair:1   | Entered Level 1 of the Lair of Beasts
 18719 | Lair:1   | Noticed Urug
 18725 | Lair:1   | Killed Urug
 19519 | Lair:2   | Reached XP level 13. HP: 101/101 MP: 13/13
 19911 | Lair:2   | Found a staircase to the Shoals.
 20075 | Lair:2   | You fall into a shaft and drop 1 floor!
 20627 | Lair:3   | Found a staircase to the Snake Pit.
 21986 | Lair:3   | Identified the +1 chain mail of Tashilava {rN+ Dex+3}
 22816 | Lair:4   | Found a transporter.
 22822 | Lair:4   | Reached skill level 10 in Fighting
 22874 | Lair:4   | Noticed Iich's ghost (journeyman MiBe)
 22875 | Lair:4   | Found a bloodstained altar of Trog.
 22889 | Lair:4   | Found a transporter.
 23956 | Lair:4   | Killed from afar by a lindwurm

Illustrated notes

Levels and vault maps discovered:
D:1:      sevenhm_arrival_forest_fort_small_4, layout_loops_cross,
          shapermc_ecumenical_altar_pompeii
D:2:      layout_basic, basic_altar
D:3:      layout_basic, gup_sewer_entry_bowl, chequers_jeans,
          minmay_misc_feat_diagonals, uniq_ijyb
D:4:      layout_loops_ring, nicolae_overflow_hallway_of_the_gods
D:5:      layout_loops_corners, minmay_temple_entry_mist, minmay_bent
D:6:      layout_cave_pods
D:7:      layout_loops_ring, uniq_maggie, uniq_pikel, uniq_menkaure
D:8:      layout_basic, mainiacjoe_overflow_alcove_4, special_room
          [special_room_orc]
D:9:      layout_long_grid, serial_shops, nicolae_shop_advertising_works
          [nicolae_subvault_shop_adworks], chequers_serial_rivers_small_3,
          hex_large, uniq_harold
D:10:     layout_basic, serial_curves, eino_curves_04, eino_curves_03,
          eino_curves_04, eino_curves_01, uniq_joseph
D:11:     cheibrodos_barr_body, layout_basic, david_lair_shrubbed,
          gauntlet_entry_generic, nrook_pool_corridor
Temple:   eino_wide_crystal_templ
Lair:1:   layout_regular_city, beast_lair_carwin_9, serial_bayou_shore_b,
          infiniplex_staircase_pool, uniq_urug
Lair:2:   layout_roguey, minmay_shoals_entry_hut, grunt_megastairs_2
Lair:3:   layout_small_grid, dummy_snake_entry
Lair:4:   layout_cave_pods, minmay_slime_entry_oklob_enclosed,
          gammafunk_ghost_wrathful_warriors, grunt_forest_large_clearings

Skill      XL: |  1  2  3  4  5  6  7  8  9 10 11 12 13 |
---------------+----------------------------------------+-----
Dodging        | 2 3 4 5 6 7 8 9 |  9.2
Evocations     | 1 2 3 4 6 7 8 9 |  9.8
Armour         | 1 2 3 4 5 6 7 8 |  8.9
Throwing       | 1 2 4 5 6 7 8 |  8.7
Fighting       | 4 6 7 8 9 10 | 10.2
Polearms       | 1 2 |  2.6
Axes           | 3 6 8 9 |  9.5
Shields        | 1 3 4 |  4.9
Stealth        | |  4.5

Action                   |  1- 3 |  4- 6 |  7- 9 | 10-12 | 13-15 || total
-------------------------+-------+-------+-------+-------+-------++-------
Melee: Hand axe          |   182 |    21 |       |       |       ||   203
       Punch             |     3 |     2 |       |     3 |       ||     8
       Spear             |       |    26 |       |       |       ||    26
       Halberd           |       |    77 |    47 |    50 |       ||   174
       Short sword       |       |    21 |   263 |       |       ||   284
       Broad axe         |       |       |       |   581 |   409 ||   990
Throw: Dart              |       |    10 |     1 |    32 |       ||    43
       Throwing net      |       |       |       |     1 |       ||     1
       Javelin           |       |       |       |     5 |    10 ||    15
Evoke: Wand              |     1 |       |     7 |    17 |     4 ||    29
       Condenser vane    |       |       |       |     1 |       ||     1
  Use: Scroll            |     2 |       |     2 |    24 |     2 ||    30
       Potion            |       |     1 |     2 |     5 |       ||     8
 Stab: Sleeping          |     4 |     6 |     8 |     3 |       ||    21
       Distracted        |       |       |       |     4 |       ||     4
       Paralysed         |       |       |       |     6 |       ||     6
       Held in net/web   |       |       |       |     2 |       ||     2
Armor: Ring mail         |    57 |    30 |    52 |       |       ||   139
       Steam dragon scal |       |       |     5 |    41 |       ||    46
       Ice dragon scales |       |       |       |   116 |   164 ||   280
Dodge: Dodged            |   114 |    49 |   146 |   306 |   123 ||   738
Block: Other             |    48 |    31 |    74 |    86 |       ||   239
       Kite shield       |       |       |       |   284 |   432 ||   716

Table legend: (Time is in decaauts)
 A = Elapsed time spent in this place.
 B = Non-inter-level travel time spent in this place.
 C = Inter-level travel time spent in this place.
 D = Time resting spent in this place.
 E = Time spent auto-exploring this place.
 F = Levels seen in this place.
 G = Mean time per level.
                   A        B        C        D        E       F      G
               +--------+--------+--------+--------+--------+-----+--------+
         Total |  24466 |  23507 |    959 |   2954 |  15510 |  17 | 1439.2 |
       Dungeon |  17256 |  16477 |    779 |   2313 |  10687 |  11 | 1568.7 |
        Temple |     83 |     45 |     38 |      0 |     30 |   1 |   83.0 |
          Lair |   6484 |   6343 |    141 |    640 |   4304 |   4 | 1621.0 |
      Gauntlet |    642 |    642 |      0 |      0 |    488 |   1 |  642.0 |
               +--------+--------+--------+--------+--------+-----+--------+

Top non-repeatable levels by time:
    D:11: 2736 daAuts
    D:10: 2167 daAuts
  Lair:3: 1823 daAuts
     D:7: 1715 daAuts
  Lair:2: 1704 daAuts
     D:8: 1614 daAuts
     D:9: 1497 daAuts
  Lair:4: 1494 daAuts
     D:5: 1485 daAuts
     D:4: 1478 daAuts
  Lair:1: 1461 daAuts
     D:2: 1438 daAuts
     D:6: 1315 daAuts
     D:3: 1129 daAuts
     D:1: 677 daAuts
